 Dungeon Crawl Stone Soup version 0.30-a0-996-ga6910c8ee8 (webtiles) character file.

Game seed: 13797273787212135657

5101 freelancePsychic the Arsonist (level 10, 0/88 HPs)
             Began as a Pale Draconian Fire Elementalist on Apr 5, 2023.
             Was a Follower of Ru.
             Shot with an arrow by a centaur (4 damage)
             ... on level 9 of the Dungeon.
             The game lasted 00:19:27 (10168 turns).

freelancePsychic the Arsonist (DrFE)               Turns: 10168, Time: 00:19:28

Health: 0/88       AC:  5    Str: 17    XL:     10   Next: 32%
Magic:  3/17       EV: 12    Int: 19    God:    Ru [*.....]
Gold:   507        SH:  0    Dex: 13    Spells: 9/19 levels left

rFire   + + +      SeeInvis +    p - staff of conjuration "Rifebaef" {rN++ Str+4 SInv Stlth-}
rCold   + . .      Faith    .    j - orb of Brilliance {*Rage, +Blink rPois Stlth+}
rNeg    + + .      Spirit   .    (body armour unavailable)
rPois   +          Reflect  .    (helmet restricted)
rElec   .          Rampage  .    (no cloak)
rCorr   .          Rage     20%  b - +0 pair of gloves
Will    .....                    J - +0 pair of boots
Stlth   ++                       (no amulet)
HPRegen 0.34/turn                u - ring "Veofu" {*Slow rF+++ rC+ Str+3 Slay+5}
MPRegen 0.15/turn                (no ring)

@: short of breath, corroded, on berserk cooldown, slowed, invisible, very slow
A: breathe steam, AC +7, unfitting armour, cold-blooded, cowardly, steam
resistance
a: Breathe Steam, Renounce Religion, Evoke Blink, Sacrifice Stealth, Sacrifice
Skill, Sacrifice Artifice, Reject Sacrifices


You were on level 9 of the Dungeon.
You worshipped Ru.
Ru was aware of your devotion.
You visited 2 branches of the dungeon, and saw 10 of its levels.
You also visited: Ossuary.

You collected 507 gold pieces.

Inventory:

Hand Weapons
 k - a +3 dagger
Armour
 b - a +0 pair of gloves (worn)
 j - the orb of Brilliance (worn) {*Rage, +Blink rPois Stlth+}
   (You found it on level 3 of the Dungeon)

   rPois:     It protects you from poison.
   +Blink:    It lets you blink.
   Stlth:     It makes you more stealthy.
 J - a +0 pair of boots (worn)
Magical Staves
 p - the staff of conjuration "Rifebaef" (weapon) {rN++ Str+4 SInv Stlth-}
   (You acquired it on level 4 of the Dungeon)

   [staff of conjuration]

   Base accuracy: +5 Base damage: 5 Base attack delay: 1.2 This weapon's minimum
   attack delay (0.6) is reached at skill level 12.
   Str:       It affects your strength (+4).
   rN:        It greatly protects you from negative energy.
   SInv:      It lets you see invisible.
   Stlth:     It makes you less stealthy.
   It falls into the 'Staves' category.
   It is a one-handed weapon.
Jewellery
 d - an amulet of guardian spirit
 u - the ring "Veofu" (left hand) {*Slow rF+++ rC+ Str+3 Slay+5}
   (You acquired it on level 4 of the Dungeon)

   [ring of protection from cold]

   Str:       It affects your strength (+3).
   Slay:      It affects your accuracy & damage with ranged weapons and melee
   (+5).
   rF:        It renders you almost immune to fire.
   rC:        It protects you from cold.
   *Slow:     It may slow you when you take damage.
 M - an amulet of the acrobat
 O - a ring of poison resistance
Wands
 w - a wand of flame (32)
 z - a wand of roots (10)
 E - a wand of paralysis (7)
 K - a wand of light (8)
 L - a wand of digging (6)
Scrolls
 c - a scroll of brand weapon
 g - 2 scrolls of fog
 h - 7 scrolls of identify {@r1}
 l - 3 scrolls of butterflies
 n - a scroll of enchant armour
 q - a scroll of amnesia
 r - 6 scrolls of teleportation {@r4}
 s - a scroll of immolation
 y - a scroll of fear
 C - a scroll of magic mapping
 D - a scroll of silence
 N - 2 scrolls of poison {unknown}
Potions
 a - a potion of invisibility
 e - 2 potions of ambrosia {unknown}
 f - 2 potions of might {unknown}
 i - 7 potions of flight {unknown}
 m - 4 potions of heal wounds {unknown}
 o - 6 potions of curing {unknown}
 t - 2 potions of magic
 v - a potion of mutation {unknown}
 x - 2 potions of degeneration {unknown}
 A - a potion of resistance {unknown}
 B - 2 potions of berserk rage
 F - a potion of attraction {unknown}
 G - a potion of brilliance
 H - 2 potions of haste {@q3}
 I - a potion of cancellation {unknown}


   Skills:
 + Level 8.2 Fighting
 - Level 1.7 Dodging
 - Level 4.0 Stealth
 + Level 5.2 Spellcasting
 * Level 7.7 Conjurations
 - Level 8.6 Fire Magic
 * Level 5.3 Air Magic


You had 9 spell levels left.
You knew the following spells:

 Your Spells              Type           Power      Damage    Failure   Level
a - Foxfire               Conj/Fire      100%       2x1d9     1%          1
b - Scorch                Fire           74%        2d9       1%          2
c - Kindle Blastsparks    Fire/Tloc/Air  44%        2d13      5%          3
e - Flame Wave            Conj/Fire      52%        2d13      4%          4

Your spell library contained the following spells:

 Spells                   Type           Power      Damage    Failure   Level
 Magic Dart               Conj           100%       1d8       1%          1
 Inner Flame              Hex/Fire       21%        N/A       6%          3
 Stone Arrow              Conj/Erth      58%        3d10      8%          3
 Vhi's Electric Charge    Tloc/Air       30%        N/A       12%         3
 Iskenderun's Battlesphe  Conj           51%        2d10      14%         5
 Arcjolt                  Conj/Air       22%        1d32      22%         5
 Call Canine Familiar     Summ           4%         N/A       36%         3
 Portal Projectile        Hex/Tloc       8%         N/A       36%         3
 Plasma Beam              Fire/Air       15%        2x1d29    71%         6
 Silence                  Hex/Air        7%         N/A       75%         5
 Anguish                  Hex/Necr       2%         N/A       77%         4
 Leda's Liquefaction      Hex/Erth       2%         N/A       77%         4
 Passage of Golubria      Tloc           4%         N/A       77%         4
 Iron Shot                Conj/Erth      14%        9d4       98%         6
 Enfeeble                 Hex            2%         N/A       100%        7
 Storm Form               Tmut/Air       7%         N/A       100%        7
 Lehudib's Crystal Spear  Conj/Erth      14%        10d5      100%        8


Dungeon Overview and Level Annotations

Branches:
Dungeon (9/15)             Temple (1/1) D:7         Ossuary (visited)
   Lair: D:8-11         Orc: D:9-12

Altars:
Ashenzari
Cheibriados
Dithmenos
Elyvilon
Fedhas
Gozag
Hepliaklqana
Kikubaaqudgha
Makhleb
Nemelex Xobeh
Okawaru
Qazlal
Ru
Trog
Uskayaw
Vehumet
Xom
Yredelemnul
Zin
The Shining One

Annotations:
D:2 1 runed translucent door, 1 exclusion, Crazy Yiuf
D:3 Ijyb


Innate Abilities, Weirdness & Mutations

You can breathe blasts of scalding, opaque steam.
Your pale cyan-grey scales are hard. (AC +7)
You cannot fit into any form of body armour.
You are cold-blooded and may be slowed by cold attacks.
Your cowardice makes you less effective in combat with threatening foes.
You are immune to the effects of steam.


Message History

The acid dragon's fire resistance burns away.
The acid dragon barely misses you. The acid dragon claws you.
Casting: Scorch (safe; 1% risk of failure)
Confirm with . or Enter, or press ? or * to list all spells.
Flames lash the wyvern.
The wyvern is moderately wounded.
The wyvern's fire resistance burns away.
The acid dragon closely misses you.
The acid dragon claws you but does no damage.
The acid dragon spits acid at you. The splash of acid hits you!!
The acid corrodes you!
Casting: Scorch (safe; 1% risk of failure)
Confirm with . or Enter, or press ? or * to list all spells.
Flames lash the acid dragon.
The acid dragon is burned terribly!
You kill the acid dragon!
The wyvern bites you! The wyvern completely misses you.
Casting: Scorch (safe; 1% risk of failure)
Confirm with . or Enter, or press ? or * to list all spells.
Flames lash the wyvern.
The wyvern is burned terribly!
The wyvern is almost dead.
The wyvern bites you! x2
* * * LOW HITPOINT WARNING * * *
Casting: Scorch (safe; 1% risk of failure)
Confirm with . or Enter, or press ? or * to list all spells.
Flames lash the wyvern but do no damage.
The wyvern hisses menacingly.
The wyvern misses you. The wyvern barely misses you.
Aiming: Breathe Steam (1% risk of failure)
Press: ? - help, Shift-Dir - straight line, f - wyvern
Aim: a wyvern (almost dead, more vulnerable to fire, 74% to hit)
You exhale a blast of scalding steam.
The ball of steam hits the wyvern!
You kill the wyvern!
A centaur comes into view.
The centaur wields a +0 shortbow.
The centaur shoots an arrow.
The arrow hits you!
* * * LOW HITPOINT WARNING * * *
You fade into invisibility!
The centaur is engulfed in a cloud of scalding steam.
The centaur shoots an arrow.
The arrow hits you.
You die...

.## # ..### ##. ....#
... ....# .. ....#.#
#c###....#.# #§§@.#
#.# # ###§##)### #.#
.#
#......)..###.###.###
#........)..[........
...............#.....
#####.##^...[....#
.../..#.###.###
###......# #...##
........ #.#..### .


You could see a centaur (unable to see you).

Vanquished Creatures
  A two-headed ogre (D:9)
  Joseph (D:8)
  A hornet (D:7)
  2 wyverns
  Edmund (D:5)
  An acid dragon (D:9)
  3 water moccasins
  2 ice beasts (D:5)
  4 orc warriors
  A black bear (D:7)
  An ogre (D:5)
  3 centaurs (D:7)
  A phantom (D:2)
  4 bullfrogs
  A gnoll sergeant (D:6)
  5 scorpions
  2 water moccasin zombies (Ossuary)
  A wight (Ossuary)
  A howler monkey (D:7)
  A crimson imp (D:6)
  A centaur zombie (Ossuary)
  4 hounds
  A gnoll bouda (D:5)
  5 orc priests
  A scorpion zombie (Ossuary)
  A sleepcap (D:6)
  Natasha (thrice) (D:2)
  4 iguanas
  9 orc wizards
  An ogre zombie (Ossuary)
  A mummy (D:4)
  15 gnolls
  9 adders
  4 white imps
  5 adder zombies (Ossuary)
  A worm (D:4)
  4 dart slugs
  42 orcs
  5 ball pythons
  6 bats
  3 endoplasms
  2 giant cockroaches (D:4)
  A gnoll zombie (Ossuary)
  10 goblins
  14 hobgoblins
  14 jackals
  2 quokkas
  4 goblin zombies (Ossuary)
  3 hobgoblin zombies (Ossuary)
  22 kobolds
  5 orc zombies (Ossuary)
  2 rats (D:3)
241 creatures vanquished.

Vanquished Creatures (others)
  206 foxfires
  3 plants
209 creatures vanquished.

Grand Total: 450 creatures vanquished

Notes
Turn   | Place    | Note
-------+----------+-------------------------------------------
     0 | D:1      | freelancePsychic the Draconian Fire Elementalist began the
                  | quest for the Orb.
     0 | D:1      | Reached XP level 1. HP: 14/14 MP: 3/3
   333 | D:1      | Reached XP level 2. HP: 20/20 MP: 3/5
   336 | D:1      | Learned a level 2 spell: Scorch
   447 | D:1      | HP: 1/20 [hobgoblin (3)]
  1105 | D:2      | Reached XP level 3. HP: 26/26 MP: 1/6
  1381 | D:2      | Found a runed translucent door.
  1382 | D:2      | Noticed Crazy Yiuf
  1652 | D:2      | Noticed a phantom
  1745 | D:2      | Reached XP level 4. HP: 33/33 MP: 3/8
  1837 | D:2      | Noticed Natasha
  1850 | D:2      | Killed Natasha
  1998 | D:2      | Noticed Natasha
  2001 | D:2      | Killed Natasha
  2026 | D:2      | Noticed Natasha
  2031 | D:2      | Killed Natasha
  2032 | D:2      | Reached XP level 5. HP: 38/38 MP: 3/9
  2091 | D:2      | Killed a phantom
  2338 | D:2      | Learned a level 3 spell: Kindle Blastsparks
  2615 | D:3      | Noticed Ijyb
  2798 | D:3      | Identified the orb of Brilliance {*Rage, +Blink rPois
                  | Stlth+}
  2947 | D:3      | Reached XP level 6. HP: 46/46 MP: 7/12
  3292 | D:3      | Reached skill level 1 in Fighting
  3435 | D:3      | Reached skill level 1 in Air Magic
  3804 | D:4      | Found a sand-covered staircase.
  3892 | Ossuary  | Entered an ossuary
  4380 | Ossuary  | Your scales start taking on a pale cyan-grey colour.
  4380 | Ossuary  | Reached skill level 5 in Fire Magic
  4380 | Ossuary  | Reached XP level 7. HP: 56/56 MP: 9/13
  4380 | Ossuary  | Gained mutation: You are immune to the effects of steam.
                  | [Pale Draconian growth]
  4467 | Ossuary  | Noticed a silent spectre
  4509 | D:4      | Identified 3 scrolls of acquirement
  4509 | D:4      | Acquired the ring "Veofu" {*Slow rF+++ rC+ Str+3 Slay+5}
  4511 | D:4      | Acquired the Opusculum on Mercurial Battling
  4513 | D:4      | Acquired the staff of conjuration "Rifebaef" {rN++ Str+4
                  | SInv Stlth-}
  4789 | D:4      | Found a glowing golden altar of the Shining One.
  5228 | D:5      | Entered Level 5 of the Dungeon
  5307 | D:5      | You fall into a shaft and drop 2 floors!
  5371 | D:7      | Found a staircase to the Ecumenical Temple.
  5371 | D:7      | Noticed a hornet
  5379 | D:7      | Paralysed by a hornet for 3 turns
  5380 | D:7      | Killed a hornet
  5381 | D:7      | Reached XP level 8. HP: 48/67 MP: 10/14
  5418 | Temple   | Entered the Ecumenical Temple
  5496 | Temple   | Became a worshipper of Ru the Awakened
  5582 | D:7      | Reached skill level 5 in Fighting
  5811 | D:7      | Learned a level 4 spell: Flame Wave
  6092 | D:7      | Reached XP level 9. HP: 75/75 MP: 10/15
  6377 | D:6      | Found an opulent altar of Gozag.
  6396 | D:6      | Reached skill level 5 in Conjurations
  7130 | D:6      | Found the +1 Delatra's gloves {ID++}
  7258 | D:6      | Found a burning altar of Makhleb.
  7426 | D:5      | Gained mutation: Your cowardice makes you less effective in
                  | combat with threatening foes. [Ru sacrifice]
  7426 | D:5      | Reached * piety under Ru
  8204 | D:5      | Noticed Edmund
  8210 | D:5      | Killed Edmund
  9192 | D:8      | Found a basalt altar of Yredelemnul.
  9198 | D:8      | Found a shadowy altar of Dithmenos.
  9207 | D:8      | Found a radiant altar of Vehumet.
  9207 | D:8      | Found a hide-covered altar of Uskayaw.
  9234 | D:8      | Found a glowing silver altar of Zin.
  9414 | D:8      | Found a white marble altar of Elyvilon.
  9631 | D:8      | Noticed Joseph
  9644 | D:8      | Killed Joseph
  9645 | D:8      | Reached XP level 10. HP: 66/88 MP: 13/17
 10000 | D:9      | Found a broken altar of Ashenzari.
 10030 | D:9      | Noticed a two-headed ogre
 10036 | D:9      | Killed a two-headed ogre
 10037 | D:9      | Reached skill level 5 in Spellcasting
 10155 | D:9      | Reached skill level 5 in Air Magic
 10167 | D:9      | HP: 3/88 [centaur/arrow (11)]
 10168 | D:9      | Shot with an arrow by a centaur

Illustrated notes

Levels and vault maps discovered:
D:1:      ncdulo_wetmaze, layout_basic
D:2:      layout_rooms, serial_forest, infiniplex_forest_clump_C,
          infiniplex_forest_straight_4, infiniplex_forest_lined_corner,
          infiniplex_forest_end_double, uniq_crazy_yiuf_cottage, uniq_natasha
D:3:      layout_basic, uniq_ijyb
D:4:      layout_gridville, nicolae_tso_carved_into_rock,
          gup_ossuary_entry_pyramid
D:5:      corexii_shantytown, layout_basic, uniq_edmund
D:6:      layout_rooms, nicolae_gozag_seed_capital, makhleb_grotto_becter,
          pf_guarded_unrand_delatra
D:7:      nicolae_whirlpool, layout_loops_cross,
          minmay_temple_entry_stoned_glass
D:8:      layout_gridville, lemuel_doored_altar,
          nicolae_overflow_hallway_of_the_gods, uniq_joseph
D:9:      layout_rooms, cheibrodos_ashenzari_chains, serial_shops, shop
Temple:   nicolae_temple_ecumenical_triangle

Skill      XL: |  1  2  3  4  5  6  7  8  9 10 |
---------------+-------------------------------+-----
Stealth        | 2 3 4 |  4.0
Spellcasting   | 3 4 5 |  5.2
Fire Magic     | 4 5 6 7 8 |  8.6
Fighting       | 2 4 6 7 8 |  8.2
Air Magic      | 2 3 4 5 |  5.3
Conjurations   | 2 4 7 |  7.7
Dodging        | |  1.7

Action                     |  1- 3 |  4- 6 |  7- 9 | 10-12 || total
---------------------------+-------+-------+-------+-------++-------
  Melee: Unarmed           |    13 |       |       |       ||    13
         Spear             |       |    11 |       |       ||    11
         Tailslap          |       |    10 |    13 |       ||    23
         Dagger            |       |    66 |     7 |       ||    73
         Staff             |       |       |    90 |     8 ||    98
   Cast: Foxfire           |    43 |    28 |    46 |       ||   117
         Scorch            |    19 |    42 |    96 |    11 ||   168
         Kindle Blastspark |       |       |     3 |       ||     3
         Flame Wave        |       |       |     5 |     2 ||     7
 Invoke: Sacrifice Courage |       |       |     1 |       ||     1
Ability: Breathe Steam     |       |       |    15 |     1 ||    16
  Evoke: Wand              |       |       |     3 |       ||     3
    Use: Potion            |     2 |       |       |     1 ||     3
         Scroll            |       |     2 |    12 |       ||    14
   Stab: Sleeping          |       |     5 |     1 |       ||     6
         Invisible         |       |       |     2 |       ||     2
 Armour: Skin              |    21 |    33 |    49 |     2 ||   105
  Dodge: Dodged            |    44 |    41 |    97 |    12 ||   194

Table legend: (Time is in decaauts)
 A = Elapsed time spent in this place.
 B = Non-inter-level travel time spent in this place.
 C = Inter-level travel time spent in this place.
 D = Time resting spent in this place.
 E = Time spent auto-exploring this place.
 F = Levels seen in this place.
 G = Mean time per level.
                   A        B        C        D        E       F      G
               +--------+--------+--------+--------+--------+-----+--------+
         Total |  10408 |  10052 |    356 |   1458 |   7066 |  11 |  946.2 |
       Dungeon |   9653 |   9305 |    348 |   1087 |   6873 |   9 | 1072.6 |
        Temple |     87 |     79 |      8 |      0 |     56 |   1 |   87.0 |
       Ossuary |    667 |    667 |      0 |    370 |    137 |   1 |  667.0 |
               +--------+--------+--------+--------+--------+-----+--------+

Top non-repeatable levels by time:
     D:5: 1724 daAuts
     D:3: 1286 daAuts
     D:1: 1201 daAuts
     D:2: 1190 daAuts
     D:6: 1080 daAuts
     D:7: 1029 daAuts
     D:8: 995 daAuts
     D:4: 974 daAuts
 Ossuary: 667 daAuts
     D:9: 171 daAuts
  Temple: 87 daAuts
